[Event "EIRCC 2019"]
[Site "Tallinn"]
[Date "2019.12.05"]
[Round "3.29"]
[White "Galopoulos, Nikolaos"]
[Black "Haitin, Ilja"]
[Result "0-1"]
[ECO "D25"]
[WhiteElo "2439"]
[BlackElo "2232"]
[Annotator "NA"]
[PlyCount "100"]
[EventDate "2019.12.05"]
[EventType "swiss"]
[EventCountry "EST"]
[SourceTitle "playchess.com"]
[Source "ChessBase"]
[SourceQuality "1"]
[TimeControl "900+10"]

1. d4 d5 2. c4 dxc4 3. Nf3 Nf6 4. e3 Bg4 5. Bxc4 e6 6. h3 Bh5 7. O-O Nbd7 8. Nc3 Bb4 9. Be2 O-O 10. Qb3 c5 11. dxc5 Qa5 12. c6 bxc6 13. Bd2 Rab8 14. Qc4 Nb6 15. Qh4 Nbd5 16. e4 Nxc3 17. bxc3 Bxc3 18. e5 Bxf3 19. exf6 Bxd2 20. Qg3 Qg5 21. Qxf3 Qxf6 22. Qxc6 Bc3 23. Rac1 Bd4 24. Rc2 Rb2 25. Rxb2 Bxb2 26. Rd1 Bd4 27. Bf3 g6 28. Qa4 e5 29. Qc2 Rb8 30. Rb1 Rxb1+ 31. Qxb1 Kg7 32. Qc2 Qb6 33. Bd5 Qa5 34. Bc4 Qe1+ 35. Bf1 e4 36. Qe2 Qb4 37. Qc4 Qb6 38. Qc2 e3 39. fxe3 Bxe3+ 40. Kh1 Qf6 41. Qe2 Bb6 42. Qd1 Qf4 43. Be2 Bc7 44. Kg1 Qh2+ 45. Kf2 Bb6+ 46. Kf3 Qe5 47. Qd2 Qf6+ 48. Qf4 Qc3+ 49. Ke4 Qd4+ 50. Kf3 Qf2+ 0-1

[Event "EIRCC 2019"]
[Site "Tallinn"]
[Date "2019.12.05"]
[Round "3.30"]
[White "Krivenko, Sergey"]
[Black "Mustaps, Matiss"]
[Result "1-0"]
[ECO "A45"]
[WhiteElo "2233"]
[BlackElo "2435"]
[Annotator "NA"]
[PlyCount "149"]
[EventDate "2019.12.05"]
[EventType "swiss"]
[EventCountry "EST"]
[SourceTitle "playchess.com"]
[Source "ChessBase"]
[SourceQuality "1"]
[TimeControl "900+10"]

1. d4 Nf6 2. Bg5 e6 3. e4 c5 4. d5 h6 5. Bxf6 Qxf6 6. Nc3 g6 7. Nf3 Bg7 8. Nb5 O-O 9. Nc7 Qxb2 10. Rb1 Qxa2 11. Nxa8 exd5 12. exd5 Bc3+ 13. Nd2 Re8+ 14. Be2 Qxd5 15. Nc7 Qxg2 16. Rf1 Re5 17. Nb5 Ba5 18. c3 d5 19. Nd6 Bh3 20. Qb3 Bg4 21. N2e4 Rxe4 22. Nxe4 Bxe2 23. Nf6+ Kg7 24. Ne8+ Kf8 25. Kxe2 Qe4+ 26. Kd2 d4 27. Qxf7+ Kxf7 28. Nd6+ Ke6 29. Nxe4 Kd5 30. f3 b6 31. Kc2 Nc6 32. Rbd1 Kc4 33. cxd4 cxd4 34. Nd6+ Kd5 35. Nf7 Bc3 36. Nxh6 Kc4 37. Ng4 a5 38. f4 Nb4+ 39. Kb1 a4 40. Ne5+ Kb3 41. Nd3 Nxd3 42. Rxd3 b5 43. f5 gxf5 44. Rxf5 b4 45. h4 a3 46. Rf2 Kc4 47. Rh3 b3 48. h5 d3 49. Rf4+ Kc5 50. Ra4 a2+ 51. Rxa2 bxa2+ 52. Kxa2 Kc4 53. Kb1 Bh8 54. Kc1 Kd4 55. Kd2 Ke4 56. Rxd3 Kf5 57. Rd5+ Kf6 58. Kd3 Kg7 59. Ke4 Kh6 60. Kf4 Bb2 61. Kg4 Bc1 62. Rd1 Be3 63. Rd6+ Kh7 64. Kf5 Bc1 65. Rd1 Be3 66. Ke4 Bg5 67. Kf3 Kh6 68. Kg4 Be3 69. Rd6+ Kh7 70. Kf5 Bc1 71. h6 Bxh6 72. Rd7+ Bg7 73. Kg5 Kg8 74. Kg6 Kh8 75. Rd8+ 1-0

[Event "EIRCC 2019"]
[Site "Tallinn"]
[Date "2019.12.05"]
[Round "3.31"]
[White "Cerveny, Martin"]
[Black "Sysolyatin, Evgeny"]
[Result "0-1"]
[ECO "D35"]
[WhiteElo "2432"]
[BlackElo "2231"]
[Annotator "NA"]
[PlyCount "106"]
[EventDate "2019.12.05"]
[EventType "swiss"]
[EventCountry "EST"]
[SourceTitle "playchess.com"]
[Source "ChessBase"]
[SourceQuality "1"]
[TimeControl "900+10"]

1. d4 d5 2. c4 e6 3. Nc3 Nf6 4. cxd5 exd5 5. Bg5 Nbd7 6. e3 Be7 7. Bd3 c6 8. Qc2 Nh5 9. Bxe7 Qxe7 10. Nge2 Nhf6 11. O-O O-O 12. Ng3 Re8 13. Rae1 Nf8 14. f3 Be6 15. e4 dxe4 16. fxe4 Qb4 17. Rxf6 gxf6 18. Qf2 Red8 19. d5 cxd5 20. exd5 Bxd5 21. Nh5 Be6 22. Nxf6+ Kh8 23. Re3 Qd4 24. h4 Ng6 25. Bxg6 hxg6 26. Nfe4 Bf5 27. Ng5 Kg7 28. Nf3 Qc5 29. Na4 Qc1+ 30. Kh2 Rd1 31. Nc3 Rh1+ 32. Kg3 Rd8 33. Re7 Qf1 34. Qc5 Qa6 35. Nd4 Qd6+ 36. Qxd6 Rxd6 37. Nxf5+ gxf5 38. Rxb7 Rb6 39. Rxa7 Rxb2 40. Nd5 Rg1 41. Ne3 Rb5 42. Kf4 Kg6 43. h5+ Kxh5 44. Rxf7 Kg6 45. Ra7 Rb4+ 46. Kf3 Rc1 47. Nd5 Rb2 48. Nf4+ Kg5 49. Nh3+ Kf6 50. Ra6+ Ke7 51. Ra3 Rf1+ 52. Kg3 Rb4 53. Nf4 Rfxf4 0-1

[Event "EIRCC 2019"]
[Site "Tallinn"]
[Date "2019.12.05"]
[Round "3.32"]
[White "Pogan, Nikolas"]
[Black "Usmanov, Vasily"]
[Result "0-1"]
[ECO "A06"]
[WhiteElo "2232"]
[BlackElo "2428"]
[Annotator "NA"]
[PlyCount "89"]
[EventDate "2019.12.05"]
[EventType "swiss"]
[EventCountry "EST"]
[SourceTitle "playchess.com"]
[Source "ChessBase"]
[SourceQuality "1"]
[TimeControl "900+10"]

1. Nf3 d5 2. g3 c6 3. Bg2 Bf5 4. O-O h6 5. d3 e6 6. b3 Be7 7. Bb2 Bf6 8. Bxf6 Nxf6 9. c3 Nbd7 10. Nfd2 e5 11. d4 O-O 12. Re1 Re8 13. e3 a5 14. c4 exd4 15. exd4 Rxe1+ 16. Qxe1 Qb6 17. c5 Qb4 18. Nf3 Re8 19. Qc1 Ne4 20. Qb2 Ng5 21. Nbd2 Re2 22. Rd1 Nh3+ 23. Bxh3 Bxh3 24. a3 Qb5 25. Qc3 Nf6 26. a4 Qa6 27. Ne5 g5 28. Qd3 Qxd3 29. Nxd3 Ne4 30. Nxe4 dxe4 31. Ne5 Rb2 32. Nc4 Rxb3 33. Nxa5 Rb4 34. Ra1 Kf8 35. d5 cxd5 36. c6 b6 37. Nb7 Rc4 38. a5 bxa5 39. Nxa5 Rc5 40. f3 e3 41. g4 h5 42. gxh5 f5 43. h6 f4 44. Rb1 Rxa5 45. c7 0-1

[Event "EIRCC 2019"]
[Site "Tallinn"]
[Date "2019.12.05"]
[Round "3.33"]
[White "Shapiro, Viktor"]
[Black "Pohjala, Henri"]
[Result "1/2-1/2"]
[ECO "A06"]
[WhiteElo "2231"]
[BlackElo "2418"]
[Annotator "NA"]
[PlyCount "95"]
[EventDate "2019.12.05"]
[EventType "swiss"]
[EventCountry "EST"]
[SourceTitle "playchess.com"]
[Source "ChessBase"]
[SourceQuality "1"]
[TimeControl "900+10"]

1. Nf3 d5 2. g3 Nf6 3. Bg2 c6 4. d3 Bg4 5. Nbd2 Nbd7 6. c4 e6 7. a3 a5 8. b3 Bd6 9. Bb2 Qe7 10. O-O O-O 11. Qc2 Rfe8 12. e4 dxe4 13. dxe4 Bxf3 14. Nxf3 e5 15. Nh4 g6 16. Rfd1 Rad8 17. Bc3 Bxa3 18. Bxa5 Ra8 19. Bc3 Bb4 20. Qd2 Rxa1 21. Rxa1 Bxc3 22. Qxc3 Nc5 23. Re1 Qd6 24. b4 Ne6 25. Nf3 c5 26. Qxe5 Qxe5 27. Nxe5 cxb4 28. Nd3 b3 29. e5 Nd7 30. Bxb7 Nec5 31. Nxc5 Nxc5 32. Bd5 b2 33. Rb1 Rb8 34. Bc6 Rb3 35. Kf1 Nd3 36. Ke2 Ra3 37. Be4 Nxe5 38. Rxb2 Nxc4 39. Rc2 Nd6 40. Bd3 Ra7 41. Rc6 Re7+ 42. Kf3 Ne8 43. Bc4 Kg7 44. h4 Nf6 45. g4 Nd7 46. Kg3 Ne5 47. Rc8 Nxc4 48. Rxc4 1/2-1/2

[Event "EIRCC 2019"]
[Site "Tallinn"]
[Date "2019.12.05"]
[Round "3.34"]
[White "Studer, Noel"]
[Black "Schnabel, Ralf"]
[Result "0-1"]
[ECO "A88"]
[WhiteElo "2405"]
[BlackElo "2220"]
[Annotator "NA"]
[PlyCount "107"]
[EventDate "2019.12.05"]
[EventType "swiss"]
[EventCountry "EST"]
[SourceTitle "playchess.com"]
[Source "ChessBase"]
[SourceQuality "1"]
[TimeControl "900+10"]

1. d4 f5 2. c4 Nf6 3. g3 g6 4. Bg2 Bg7 5. Nf3 d6 6. O-O O-O 7. Nc3 c6 8. Re1 Ne4 9. Qc2 Nxc3 10. bxc3 e5 11. dxe5 dxe5 12. Ba3 Re8 13. Rad1 Nd7 14. e4 f4 15. Bh3 fxg3 16. hxg3 Qf6 17. Re3 Nf8 18. Bxc8 Raxc8 19. Bd6 Rcd8 20. c5 Rd7 21. Red3 Rf7 22. R1d2 g5 23. Nh2 h5 24. Rf3 Qe6 25. Rf5 Rxf5 26. exf5 Qf7 27. Nf3 Bf6 28. Qe4 Nd7 29. Rb2 g4 30. Ne1 b6 31. Qxc6 e4 32. cxb6 Nxb6 33. Re2 Nd5 34. Bb4 e3 35. fxe3 Rxe3 36. Rxe3 Nxe3 37. Nd3 Kh7 38. Nf4 Nxf5 39. Qe4 Bg5 40. Ne6 Kg6 41. Bc5 a6 42. Kg2 Kh6 43. Bf8+ Kg6 44. Bc5 Kh6 45. Qc6 Qg6 46. Bf8+ Kh7 47. Qd7+ Kg8 48. Bc5 Ne3+ 49. Bxe3 Bxe3 50. Qc8+ Kf7 51. Nd8+ Ke7 52. Nc6+ Kd6 53. Qd8+ Kxc6 54. Qc8+ 0-1

[Event "EIRCC 2019"]
[Site "Tallinn"]
[Date "2019.12.05"]
[Round "3.35"]
[White "Bossy, Arnim"]
[Black "Van Foreest, Lucas"]
[Result "0-1"]
[ECO "A45"]
[WhiteElo "2108"]
[BlackElo "2399"]
[Annotator "NA"]
[PlyCount "58"]
[EventDate "2019.12.05"]
[EventType "swiss"]
[EventCountry "EST"]
[SourceTitle "playchess.com"]
[Source "ChessBase"]
[SourceQuality "1"]
[TimeControl "900+10"]

1. d4 Nf6 2. Bf4 d5 3. e3 e6 4. Nd2 c5 5. c3 Nc6 6. Ngf3 Nh5 7. Be5 f6 8. Bg3 cxd4 9. exd4 Be7 10. Bd3 g6 11. Qc2 O-O 12. O-O-O Bd7 13. Nf1 Nb4 14. Qb1 Rc8 15. Ne3 Qa5 16. a3 Nxd3+ 17. Rxd3 Bb5 18. Rd2 Ba4 19. Nc2 Rc6 20. Nb4 Bxb4 21. axb4 Qxb4 22. Rd3 Rfc8 23. Kd2 Qb3 24. Rc1 Ng7 25. Ke1 Bb5 26. Rd2 Qc4 27. Kd1 Qf1+ 28. Ne1 Nf5 29. Qa2 Nxd4 0-1

[Event "EIRCC 2019"]
[Site "Tallinn"]
[Date "2019.12.05"]
[Round "3.36"]
[White "Papasimakopoulos, Alexandros"]
[Black "Varvadoukas, Theodoros"]
[Result "1-0"]
[ECO "A56"]
[WhiteElo "2399"]
[BlackElo "2146"]
[Annotator "NA"]
[PlyCount "91"]
[EventDate "2019.12.05"]
[EventType "swiss"]
[EventCountry "EST"]
[SourceTitle "playchess.com"]
[Source "ChessBase"]
[SourceQuality "1"]
[TimeControl "900+10"]

1. d4 Nf6 2. c4 c5 3. Nf3 g6 4. Nc3 Bg7 5. d5 d6 6. h3 O-O 7. e4 e5 8. dxe6 Bxe6 9. Be2 Nc6 10. O-O Re8 11. Bf4 Qb6 12. Qd2 Nd4 13. Rac1 Nxf3+ 14. Bxf3 Bxc4 15. Rfd1 Rad8 16. Na4 Qa6 17. Nxc5 dxc5 18. Qxd8 Rxd8 19. Rxd8+ Bf8 20. Bh6 Nd7 21. Rd1 g5 22. Bxg5 Ne5 23. Be7 Ng6 24. Rxf8+ Nxf8 25. Rd8 Be2 26. Bxf8 f6 27. Bxc5+ Kf7 28. Rd7+ Ke8 29. Re7+ Kd8 30. Rxh7 Bxf3 31. gxf3 b6 32. Be7+ Ke8 33. Bxf6 Qxa2 34. Bc3 b5 35. Rb7 a6 36. Kg2 Qg8+ 37. Kh2 Qg5 38. Rg7 Qc5 39. Kg2 b4 40. Bf6 a5 41. e5 Qd5 42. h4 Kf8 43. h5 Qd2 44. e6 Qd5 45. e7+ Ke8 46. h6 1-0

[Event "EIRCC 2019"]
[Site "Tallinn"]
[Date "2019.12.05"]
[Round "4.6"]
[White "Lysyj, Igor"]
[Black "Papasimakopoulos, Alexandros"]
[Result "1-0"]
[ECO "E15"]
[WhiteElo "2599"]
[BlackElo "2399"]
[Annotator "ChessBase"]
[PlyCount "75"]
[EventDate "2019.12.05"]
[EventType "swiss"]
[EventCountry "EST"]
[SourceTitle "playchess.com"]
[Source "ChessBase"]
[SourceQuality "1"]
[TimeControl "900+10"]

1. d4 Nf6 2. c4 e6 3. Nf3 b6 4. g3 Ba6 5. Qc2 c5 6. d5 exd5 7. cxd5 Bb7 8. Bg2 Bxd5 9. Nc3 Bc6 10. O-O Be7 11. e4 d6 12. Nh4 O-O 13. Nf5 Nbd7 14. Rd1 Rc8 15. Bf4 Ne8 16. Nd5 Bxd5 17. Rxd5 Ndf6 18. Rd2 Nh5 19. Bxd6 Nxd6 20. e5 g6 21. Nxd6 Bxd6 22. Rxd6 Qe7 23. Qc3 Rcd8 24. Rad1 Rxd6 25. exd6 Qd7 26. Bf3 Ng7 27. b4 cxb4 28. Qxb4 Rd8 29. Be2 Qb7 30. Qh4 Ne6 31. Bc4 g5 32. Qg4 Ng7 33. Qxg5 Qd7 34. Bb5 Qc8 35. d7 Qb8 36. Re1 Kh8 37. Qxd8+ Qxd8 38. Re8+ 1-0

[Event "EIRCC 2019"]
[Site "Tallinn"]
[Date "2019.12.05"]
[Round "4.7"]
[White "Sanal, Vahap"]
[Black "Kourousis, Epaminondas"]
[Result "1-0"]
[ECO "B14"]
[WhiteElo "2597"]
[BlackElo "2392"]
[Annotator "ChessBase"]
[PlyCount "63"]
[EventDate "2019.12.05"]
[EventType "swiss"]
[EventCountry "EST"]
[SourceTitle "playchess.com"]
[Source "ChessBase"]
[SourceQuality "1"]
[TimeControl "900+10"]

1. e4 c6 2. d4 d5 3. exd5 cxd5 4. c4 Nf6 5. Nc3 e6 6. Nf3 Be7 7. cxd5 Nxd5 8. Bd3 O-O 9. O-O Nc6 10. Re1 Nxc3 11. bxc3 b6 12. Qc2 g6 13. Bh6 Re8 14. Be4 Bb7 15. Rad1 Na5 16. Ne5 Bg5 17. Bxg5 Qxg5 18. Bxb7 Nxb7 19. c4 Nd6 20. c5 Nf5 21. c6 Rac8 22. g3 Rc7 23. d5 exd5 24. Nd7 Re6 25. Rxe6 fxe6 26. Qc3 Qe7 27. Re1 Qg7 28. Qc1 Nd4 29. Qf4 Rc8 30. Nf6+ Kh8 31. Qxd4 Rxc6 32. Qe5 1-0

[Event "EIRCC 2019"]
[Site "Tallinn"]
[Date "2019.12.05"]
[Round "4.8"]
[White "Sipila, Vilka"]
[Black "Riazantsev, Alexander"]
[Result "0-1"]
[ECO "B12"]
[WhiteElo "2380"]
[BlackElo "2594"]
[Annotator "ChessBase"]
[PlyCount "124"]
[EventDate "2019.12.05"]
[EventType "swiss"]
[EventCountry "EST"]
[SourceTitle "playchess.com"]
[Source "ChessBase"]
[SourceQuality "1"]
[TimeControl "900+10"]

1. e4 c6 2. d4 d5 3. e5 Bf5 4. Nf3 e6 5. Be2 Ne7 6. O-O h6 7. Nbd2 Nd7 8. Nb3 Qc7 9. a4 g5 10. a5 a6 11. c3 O-O-O 12. Ne1 f6 13. Nd3 Bxd3 14. Qxd3 fxe5 15. Bg4 e4 16. Qh3 Nf5 17. Bxg5 hxg5 18. Qxh8 Bg7 19. Qh3 Rh8 20. Bxf5 exf5 21. Qg3 Qd8 22. f3 f4 23. Qg4 Kb8 24. fxe4 dxe4 25. Rae1 e3 26. g3 Bh6 27. Qe6 Qc7 28. Kg2 Bf8 29. Qf5 Rg8 30. Kh1 Bd6 31. gxf4 Bxf4 32. Re2 Rh8 33. h3 Rf8 34. Qe6 Ka7 35. d5 Rf6 36. Qe4 cxd5 37. Qxd5 Rd6 38. Qg2 Nf6 39. Qf3 Rd3 40. Nc1 Rd2 41. Rxe3 Rh2+ 42. Kg1 Rxb2 43. Nd3 Nd5 44. Nxf4 Nxf4 45. Re4 Qxa5 46. Qe3+ Qb6 47. Qxb6+ Kxb6 48. Re3 a5 49. Rf2 Rxf2 50. Kxf2 a4 51. Kg3 Kc5 52. h4 Nd5 53. Rd3 gxh4+ 54. Kxh4 b5 55. Kg4 a3 56. c4 Nf6+ 57. Kf5 b4 58. Kxf6 Kxc4 59. Rd8 b3 60. Ke5 b2 61. Rb8 a2 62. Rxb2 a1=Q {Kd4+} 0-1

[Event "EIRCC 2019"]
[Site "Tallinn"]
[Date "2019.12.05"]
[Round "4.9"]
[White "Esipenko, Andrey"]
[Black "Frischmann, Rick"]
[Result "1-0"]
[ECO "D07"]
[WhiteElo "2590"]
[BlackElo "2375"]
[Annotator "ChessBase"]
[PlyCount "55"]
[EventDate "2019.12.05"]
[EventType "swiss"]
[EventCountry "EST"]
[SourceTitle "playchess.com"]
[Source "ChessBase"]
[SourceQuality "1"]
[TimeControl "900+10"]

1. d4 d5 2. c4 Nc6 3. cxd5 Qxd5 4. e3 e5 5. Nc3 Bb4 6. Bd2 Bxc3 7. bxc3 Nf6 8. c4 Qd6 9. d5 Nb8 10. Nf3 O-O 11. Qb1 a5 12. Be2 b6 13. Bc3 Re8 14. Nd2 Na6 15. e4 Nc5 16. Qc2 Bd7 17. Rc1 Bg4 18. f3 Bd7 19. g3 h5 20. Nf1 Rac8 21. Ne3 c6 22. dxc6 Qxc6 23. O-O Na4 24. Bd2 Be6 25. Bd3 Nc5 26. Be2 Red8 27. Nd5 Bh3 28. Ne7+ 1-0

[Event "EIRCC 2019"]
[Site "Tallinn"]
[Date "2019.12.05"]
[Round "4.10"]
[White "Krutti, Valer"]
[Black "Yuffa, Daniil"]
[Result "0-1"]
[ECO "E73"]
[WhiteElo "2370"]
[BlackElo "2587"]
[Annotator "ChessBase"]
[PlyCount "98"]
[EventDate "2019.12.05"]
[EventType "swiss"]
[EventCountry "EST"]
[SourceTitle "playchess.com"]
[Source "ChessBase"]
[SourceQuality "1"]
[TimeControl "900+10"]

1. d4 Nf6 2. c4 g6 3. Nc3 Bg7 4. e4 d6 5. Be2 O-O 6. Bg5 c5 7. d5 e6 8. Qd2 exd5 9. exd5 Qb6 10. Nf3 Bf5 11. Rc1 Ne4 12. Nxe4 Bxe4 13. b3 Bxf3 14. Bxf3 Re8+ 15. Be2 a5 16. O-O a4 17. Rb1 a3 18. Bd3 Na6 19. Rbe1 Nb4 20. Bb1 Qc7 21. h4 Qd7 22. h5 Qg4 23. hxg6 hxg6 24. Be7 Ra6 25. Re4 Qxe4 26. Bxe4 Rxe7 27. Bb1 Ra8 28. Re1 Rae8 29. Rxe7 Rxe7 30. g3 Bd4 31. Kg2 Kg7 32. Kf1 b6 33. Qc1 Bb2 34. Qd2 Na6 35. Kg2 Nc7 36. Kf1 b5 37. Kg2 b4 38. g4 Ne8 39. g5 Kg8 40. f4 Bc3 41. Qf2 Re1 42. Bd3 Rd1 43. Qe3 Kf8 44. f5 Rd2+ 45. Kf3 Rxa2 46. fxg6 Bd4 47. Qe4 Rf2+ 48. Kg3 a2 49. gxf7 Rxf7 0-1

[Event "EIRCC 2019"]
[Site "Tallinn"]
[Date "2019.12.05"]
[Round "4.11"]
[White "Popov, Valerij"]
[Black "Nguyen, Thai Dai Van"]
[Result "1/2-1/2"]
[ECO "A20"]
[WhiteElo "2583"]
[BlackElo "2364"]
[Annotator "ChessBase"]
[PlyCount "66"]
[EventDate "2019.12.05"]
[EventType "swiss"]
[EventCountry "EST"]
[SourceTitle "playchess.com"]
[Source "ChessBase"]
[SourceQuality "1"]
[TimeControl "900+10"]

1. c4 e5 2. g3 Nf6 3. Bg2 c6 4. Nf3 e4 5. Nd4 Qb6 6. Nc2 d5 7. cxd5 cxd5 8. O-O Be7 9. d3 Nc6 10. Nc3 O-O 11. Rb1 Be6 12. dxe4 dxe4 13. Be3 Qa5 14. Nxe4 Rfd8 15. Qc1 Rac8 16. Nc3 Nd5 17. Bxd5 Bxd5 18. Rd1 Be6 19. Nd4 Nxd4 20. Rxd4 Bf6 21. Rxd8+ Qxd8 22. Qd2 Bxc3 23. bxc3 Qxd2 24. Bxd2 Bxa2 25. Rxb7 Ra8 26. f3 a5 27. Kf2 a4 28. Bc1 Bb3 29. g4 h6 30. Ba3 Rc8 31. Bb4 Ra8 32. Ba3 Rc8 33. Bb4 Ra8 1/2-1/2

[Event "EIRCC 2019"]
[Site "Tallinn"]
[Date "2019.12.05"]
[Round "4.12"]
[White "Kulaots, Kaido"]
[Black "Luukkonen, Tommi"]
[Result "1-0"]
[ECO "B84"]
[WhiteElo "2544"]
[BlackElo "2332"]
[Annotator "ChessBase"]
[PlyCount "67"]
[EventDate "2019.12.05"]
[EventType "swiss"]
[EventCountry "EST"]
[SourceTitle "playchess.com"]
[Source "ChessBase"]
[SourceQuality "1"]
[TimeControl "900+10"]

1. e4 c5 2. Nf3 d6 3. d4 cxd4 4. Nxd4 Nf6 5. Nc3 a6 6. Be2 e6 7. O-O Be7 8. f4 O-O 9. Kh1 Qc7 10. a4 b6 11. Be3 Bb7 12. Bf3 Nbd7 13. Qe2 Rac8 14. g4 Nc5 15. Qg2 g6 16. g5 Nh5 17. f5 e5 18. Nde2 Bd8 19. Rad1 Ng7 20. f6 Ne8 21. Bg4 Nxe4 22. Nxe4 d5 23. N2g3 dxe4 24. Nf5 Kh8 25. Ne7 Bxe7 26. fxe7 Qxe7 27. Rd7 Qb4 28. Rxb7 Rd8 29. Rbxf7 Rxf7 30. Rxf7 Nd6 31. Rf1 Nf5 32. Bxf5 gxf5 33. Rxf5 Qe1+ 34. Qf1 1-0

[Event "EIRCC 2019"]
[Site "Tallinn"]
[Date "2019.12.05"]
[Round "4.13"]
[White "Smirnov, Artem"]
[Black "Saric, Ante"]
[Result "0-1"]
[ECO "E20"]
[WhiteElo "2337"]
[BlackElo "2538"]
[Annotator "ChessBase"]
[PlyCount "84"]
[EventDate "2019.12.05"]
[EventType "swiss"]
[EventCountry "EST"]
[SourceTitle "playchess.com"]
[Source "ChessBase"]
[SourceQuality "1"]
[TimeControl "900+10"]

1. d4 Nf6 2. c4 e6 3. Nc3 Bb4 4. f3 d5 5. a3 Bxc3+ 6. bxc3 c6 7. e3 O-O 8. Nh3 b6 9. cxd5 cxd5 10. Nf2 Qc7 11. Bd2 Ba6 12. Bxa6 Nxa6 13. O-O Nb8 14. e4 Nc6 15. e5 Nd7 16. Nh3 Na5 17. f4 f5 18. Ng5 Qc6 19. Qh5 h6 20. Rf3 Nb8 21. Qg6 hxg5 22. Rh3 Qe8 23. Qh7+ Kf7 24. fxg5 Ke7 25. c4 Nxc4 26. Bb4+ Kd7 27. Bxf8 Qxf8 28. Qg6 Nc6 29. Rh7 Nxd4 30. Rxg7+ Kc6 31. Qh7 Kb5 32. Rc7 Ka6 33. Qd7 Qe8 34. Qh7 Qb5 35. Rd1 Qb3 36. Re1 Qc3 37. Qh4 Rg8 38. Kh1 Rxg5 39. Qf2 f4 40. Rd1 Rxe5 41. h3 Ne2 42. a4 Qc2 0-1

[Event "EIRCC 2019"]
[Site "Tallinn"]
[Date "2019.12.05"]
[Round "4.14"]
[White "Belyakov, Bogdan"]
[Black "Chernyak, Viktoria"]
[Result "1/2-1/2"]
[ECO "B13"]
[WhiteElo "2520"]
[BlackElo "2233"]
[Annotator "ChessBase"]
[PlyCount "146"]
[EventDate "2019.12.05"]
[EventType "swiss"]
[EventCountry "EST"]
[SourceTitle "playchess.com"]
[Source "ChessBase"]
[SourceQuality "1"]
[TimeControl "900+10"]

1. e4 c6 2. d4 d5 3. exd5 cxd5 4. c4 Nf6 5. Nc3 Nc6 6. Nf3 e6 7. a3 Be7 8. c5 O-O 9. Bd3 Re8 10. O-O a5 11. Bf4 Nd7 12. Re1 g6 13. Nb5 e5 14. Nxe5 Ncxe5 15. Bxe5 Nxe5 16. Rxe5 Be6 17. Qf3 Bf6 18. Re2 Bg7 19. Rae1 Qd7 20. h3 Rf8 21. Qf4 Rad8 22. b4 Qc6 23. Nc7 Qa4 24. Nb5 axb4 25. axb4 Qxb4 26. Rb1 Qa4 27. Qd2 Rd7 28. Qc3 Qa8 29. Nd6 Rc7 30. Reb2 Qa4 31. Rb4 Qd7 32. Qa3 Qe7 33. Qa5 Rd7 34. Nxb7 Qg5 35. c6 Bxh3 36. Bf1 Re7 37. Qc5 Rfe8 38. R4b3 Bf5 39. Rc1 Qf4 40. Rf3 Qd2 41. Qc3 Qxc3 42. Rfxc3 Bxd4 43. Rb3 Be5 44. Bd3 Be6 45. Nc5 Rc7 46. Nxe6 fxe6 47. Bb5 Bd6 48. Re1 Kf7 49. g4 Kf6 50. Kg2 h5 51. gxh5 gxh5 52. Rh1 Rh8 53. Rf3+ Kg5 54. Re1 Re8 55. Rd3 Ree7 56. Rde3 e5 57. Rd3 d4 58. Rg3+ Kf6 59. Rf3+ Kg5 60. Rf8 Rg7 61. Rd8 Kf4+ 62. Kf1 Bb4 63. Re2 Ra7 64. Rc2 e4 65. Rc1 d3 66. Rd4 d2 67. Rd1 Bc3 68. Rc4 Ba5 69. Ra4 Bc3 70. Rc4 Ba5 71. Ra4 Bc3 72. Rc4 Ba5 73. Ra4 Bc3 1/2-1/2

[Event "EIRCC 2019"]
[Site "Tallinn"]
[Date "2019.12.05"]
[Round "4.15"]
[White "Haitin, Ilja"]
[Black "Lintchevski, Daniil"]
[Result "0-1"]
[ECO "D00"]
[WhiteElo "2232"]
[BlackElo "2515"]
[Annotator "ChessBase"]
[PlyCount "128"]
[EventDate "2019.12.05"]
[EventType "swiss"]
[EventCountry "EST"]
[SourceTitle "playchess.com"]
[Source "ChessBase"]
[SourceQuality "1"]
[TimeControl "900+10"]

1. d4 d5 2. Bf4 c5 3. e3 Nc6 4. c3 Nf6 5. Nd2 e6 6. Ngf3 Be7 7. Ne5 Nxe5 8. Bxe5 Qb6 9. Qb3 Bd7 10. Be2 O-O 11. O-O Rfc8 12. Rac1 Be8 13. c4 Qxb3 14. Nxb3 Nd7 15. Bg3 dxc4 16. Na5 cxd4 17. exd4 Nb6 18. Nxb7 Bc6 19. Nd6 Bxd6 20. Bxd6 Bd5 21. Rc2 Be4 22. Rc3 Na4 23. Rxc4 Nxb2 24. Rxc8+ Rxc8 25. Bc5 a5 26. f3 Bd3 27. Bxd3 Nxd3 28. Rb1 f6 29. Kf1 e5 30. a4 exd4 31. Bxd4 Rc4 32. Rb8+ Kf7 33. Be3 Rxa4 34. Ke2 Ne5 35. Rb7+ Kg6 36. Ra7 Ra2+ 37. Kf1 Nc6 38. Ra6 Nb4 39. Ra7 Nd3 40. h4 h5 41. g4 Ne5 42. gxh5+ Kxh5 43. Rxg7 Nxf3 44. Bf2 a4 45. Rh7+ Kg6 46. Ra7 Nd2+ 47. Kg1 Ne4 48. Be3 Ng3 49. Ra5 f5 50. Bf2 Ne4 51. Be3 Nc3 52. h5+ Kxh5 53. Rxf5+ Kg4 54. Rf8 Rc2 55. Bh6 a3 56. Ra8 a2 57. Bg7 Ne4 58. Ra3 Nd2 59. Bf6 Kf4 60. Bg7 Nf3+ 61. Kf1 Ne5 62. Ra4+ Kf5 63. Ra5 Rc1+ 64. Ke2 a1=Q 0-1

[Event "EIRCC 2019"]
[Site "Tallinn"]
[Date "2019.12.05"]
[Round "4.16"]
[White "Pershin, Denis"]
[Black "Krivenko, Sergey"]
[Result "1-0"]
[ECO "D79"]
[WhiteElo "2509"]
[BlackElo "2233"]
[Annotator "ChessBase"]
[PlyCount "89"]
[EventDate "2019.12.05"]
[EventType "swiss"]
[EventCountry "EST"]
[SourceTitle "playchess.com"]
[Source "ChessBase"]
[SourceQuality "1"]
[TimeControl "900+10"]

1. d4 Nf6 2. c4 g6 3. g3 c6 4. Bg2 d5 5. Nf3 Bg7 6. O-O O-O 7. cxd5 cxd5 8. Nc3 Ne4 9. Ne5 Nxc3 10. bxc3 Nc6 11. Nxc6 bxc6 12. Bf4 Qa5 13. Qd2 Bf5 14. Rfd1 Rac8 15. Rac1 Qa4 16. h3 Rfe8 17. g4 Bd7 18. Rb1 e5 19. dxe5 Bxe5 20. Bxe5 Rxe5 21. Rb7 Be8 22. e3 Qa3 23. Qd4 Re7 24. Rdb1 Rxb7 25. Rxb7 Qxa2 26. h4 Qe2 27. Rxa7 c5 28. Qf4 Qe1+ 29. Kh2 Qxc3 30. Bxd5 Qg7 31. h5 gxh5 32. gxh5 Rd8 33. e4 h6 34. Ra3 Kf8 35. Rg3 Qh8 36. Qc7 Qd4 37. Qxd8 Qxf2+ 38. Rg2 Qf4+ 39. Kg1 Qc1+ 40. Kf2 Qd2+ 41. Kg3 Qe3+ 42. Kg4 c4 43. Qd6+ Kg8 44. Kh4+ Kh7 45. Qg3 1-0

[Event "EIRCC 2019"]
[Site "Tallinn"]
[Date "2019.12.05"]
[Round "4.17"]
[White "Sysolyatin, Evgeny"]
[Black "Sebenik, Matej"]
[Result "0-1"]
[ECO "B31"]
[WhiteElo "2231"]
[BlackElo "2504"]
[Annotator "ChessBase"]
[PlyCount "90"]
[EventDate "2019.12.05"]
[EventType "swiss"]
[EventCountry "EST"]
[SourceTitle "playchess.com"]
[Source "ChessBase"]
[SourceQuality "1"]
[TimeControl "900+10"]

1. e4 c5 2. Nf3 Nc6 3. Bb5 g6 4. O-O Bg7 5. Bxc6 dxc6 6. h3 b6 7. d3 Nh6 8. a4 a5 9. Nbd2 O-O 10. Qe2 Qc7 11. Nc4 Ba6 12. Bd2 f6 13. b3 e5 14. Nh2 Rae8 15. f4 Bxc4 16. bxc4 f5 17. fxe5 Nf7 18. Rab1 fxe4 19. dxe4 Nxe5 20. Ng4 Nxg4 21. Rxf8+ Rxf8 22. Qxg4 Qe5 23. c3 Rd8 24. Be1 Re8 25. Bd2 Qxe4 26. Rxb6 Qd3 27. Bf4 Qxc4 28. Rb7 Qe6 29. Qxe6+ Rxe6 30. c4 Re4 31. Rb8+ Kf7 32. Rb7+ Kf6 33. Bc7 g5 34. Bxa5 Rxc4 35. Bd8+ Kg6 36. a5 Bd4+ 37. Kf1 Ra4 38. Rb6 Kf5 39. Rxc6 Ke4 40. Bb6 Ra1+ 41. Ke2 Ra2+ 42. Kf1 Rf2+ 43. Ke1 Rxg2 44. Re6+ Kd3 45. Kd1 Ra2 0-1